 Dungeon Crawl Stone Soup version 0.30-a0-728-gc68057be0a (webtiles) character file.

Game seed: 5125365764690834943

35 sokol815 the Firebug (level 3, -1/26 HPs)
             Began as a Demigod Fire Elementalist on Jan 30, 2023.
             Slain by a black bear (2 damage)
             ... on level 2 of the Dungeon.
             The game lasted 00:03:05 (1525 turns).

sokol815 the Firebug (Demigod Fire Elementalist)    Turns: 1525, Time: 00:03:06

Health: -1/26      AC:  3    Str:  9    XL:     3   Next: 4%
Magic:  0/8        EV: 12    Int: 21    God:
Gold:   85         SH:  0    Dex: 14    Spells: 2/5 levels left

rFire   . . .      SeeInvis .    a - +0 dagger
rCold   . . .      Faith    .    (no shield)
rNeg    . . .      Spirit   .    c - +0 robe
rPois   .          Reflect  .    e - +0 helmet
rElec   .          Harm     .    (no cloak)
rCorr   .          Rampage  .    (no gloves)
Will    .....                    (no boots)
Stlth   ++                       (no amulet)
HPRegen 0.24/turn                (no ring)
MPRegen 0.11/turn                (no ring)

@: very slightly contaminated
A: high MP 1, forlorn, divine attributes
a: no special abilities


You were on level 2 of the Dungeon.
You visited 1 branch of the dungeon, and saw 2 of its levels.

You collected 85 gold pieces.

Inventory:

Hand Weapons
 a - a +0 dagger (weapon)
   (You took it off a goblin on level 1 of the Dungeon)
Missiles
 s - 18 stones
Armour
 c - a +0 robe (worn)
 e - a +0 helmet (worn)
   (You found it on level 1 of the Dungeon)
Scrolls
 b - a scroll of enchant armour {unknown}
 d - a scroll of blinking {unknown}
Potions
 f - a potion of brilliance {unknown}
 g - a potion of curing {unknown}
 M - a potion of magic


   Skills:
 - Level 1.7 Dodging
 - Level 1.7 Stealth
 - Level 1.7 Spellcasting
 + Level 2.1 Conjurations
 + Level 3.3 Fire Magic


You had 2 spell levels left.
You knew the following spells:

 Your Spells              Type           Power      Damage    Failure   Level
a - Foxfire               Conj/Fire      52%        2x1d6     4%          1
b - Scorch                Fire           32%        2d7       6%          2

Your spell library contained the following spells:

 Spells                   Type           Power      Damage    Failure   Level
 Sandblast                Erth           2%         2d4       16%         1
 Passwall                 Tmut/Erth      0%         N/A       22%         2
 Inner Flame              Hex/Fire       8%         N/A       22%         3
 Kindle Blastsparks       Fire/Tloc/Air  12%        2d11      28%         3
 Stone Arrow              Conj/Erth      12%        3d7       30%         3
 Flame Wave               Conj/Fire      13%        2d6       43%         4
 Iskenderun's Battlesphe  Conj           10%        2d6       87%         5
 Iron Shot                Conj/Erth      3%         9d2       100%        6
 Spellforged Servitor     Conj/Summ      3%         N/A       100%        7


Dungeon Overview and Level Annotations

Branches:
Dungeon (2/15) Zot: 10474

Annotations:
D:1 2 transporters


Innate Abilities, Weirdness & Mutations

You have an increased reservoir of magic. (+10% MP)
You shall have no god before yourself.
Your divine heritage dramatically boosts your attributes as you level up.


Message History

You take 1 damage, and have 19/20 hp.
You closely miss the giant cockroach. The giant cockroach barely misses you.
You hit the giant cockroach.
You kill the giant cockroach!
Your Conjurations skill increases to level 2!
Health restored: 20 A giant cockroach comes into view.
MP restored: 7 A dart slug comes into view.
You conjure some foxfire!
You now have 6/7 mp.
You conjure some foxfire!
The foxfire hits the giant cockroach. x2
You kill the giant cockroach!
You now have 5/7 mp.
You conjure some foxfire!
You now have 4/7 mp.
You conjure some foxfire!
The foxfire hits the dart slug. x2
You now have 3/7 mp.
You conjure some foxfire!
The foxfire hits the dart slug.
You now have 2/7 mp.
The foxfire hits the dart slug.
You kill the dart slug!
You see here a giant cockroach corpse.
A kobold and a ball python come into view.
The ball python hisses angrily.
MP restored: 7 You conjure some foxfire!
The kobold throws a stone.
The stone hits you.
You take 2 damage, and have 18/20 hp.
You now have 6/7 mp.
You conjure some foxfire!
The foxfire hits the ball python. x2
You kill the ball python!
The kobold throws a stone.
The stone hits you but does no damage.
You now have 5/7 mp.
You conjure some foxfire!
You now have 4/7 mp.
You conjure some foxfire!
The foxfire hits the kobold.
You kill the kobold!
You have reached level 3!
Your experience leads to a dramatic increase in your attributes!
Increase (s)trength, (i)ntelligence, or (d)exterity?
You feel clever. x4
You regained 6 hp, and now have 24/26 hp.
You now have 3/8 mp.
You see here a ball python corpse.
s - 18 stones (gained 4)
Things that are here:
a +0 short sword; a kobold corpse You see here a ball python corpse.
You now have 85 gold pieces (gained 5).
Found a stone staircase leading down.
Health restored: 26; MP restored: 8
There is a stone staircase leading down here.
A frilled lizard comes into view.
A quokka comes into view.
A black bear comes into view.
You conjure some foxfire!
You now have 7/8 mp.
You conjure some foxfire!
The frilled lizard hisses angrily.
The foxfire hits the quokka.
You kill the quokka!
The foxfire hits the frilled lizard.
You now have 6/8 mp.
You conjure some foxfire!
The foxfire hits the frilled lizard.
You kill the frilled lizard!
You now have 5/8 mp.
You conjure some foxfire!
The foxfire hits the black bear but does no damage.
The foxfire hits the black bear.
The foxfire hits the black bear but does no damage.
You now have 4/8 mp.
You miscast Foxfire.
You are very lightly contaminated with residual magic.
Nothing appears to happen.
The foxfire hits the black bear. x2
You now have 3/8 mp.
You conjure some foxfire!
The black bear bites you. The black bear barely misses you.
The black bear claws you but does no damage.
You take 4 damage, and have 22/26 hp.
You now have 2/8 mp.
You conjure some foxfire!
The foxfire hits the black bear.
The black bear bites you! The black bear claws you.
The black bear closely misses you.
You take 10 damage, and have 12/26 hp.
MASSIVE DAMAGE!!
You now have 1/8 mp.
You conjure some foxfire!
The foxfire hits the black bear. x3
The black bear goes berserk!
You now have 0/8 mp.
The foxfire hits the black bear. x2
You miscast Foxfire.
Nothing appears to happen.
The black bear bites you!
* * * LOW HITPOINT WARNING * * *
The black bear claws you.
* * * LOW HITPOINT WARNING * * *
The black bear claws you.
You die...

###### ...)...#
......######
...[......# .
.........# ..
........##
#.###..†......
#.....§....... ##
#.h@)...... #.
#######.######.###
#.
#................#
#.
#.#####.######.#.#
##. #.....#...#.#.#
#.. #.##..#.#.#.#.#
#.# #
##.......#.#######.#
#.#...###.##......#
#.#.......##.....##


You could see a black bear (berserk).

Vanquished Creatures
  A dart slug (D:2)
  4 bats (D:1)
  5 endoplasms (D:1)
  4 giant cockroaches
  2 goblins (D:1)
  3 hobgoblins
  2 quokkas
  A ball python (D:2)
  2 frilled lizards
  4 kobolds
  4 rats (D:1)
32 creatures vanquished.

Vanquished Creatures (others)
  112 foxfires
112 creatures vanquished.

Grand Total: 144 creatures vanquished

Notes
Turn   | Place    | Note
-------+----------+-------------------------------------------
     0 | D:1      | sokol815 the Demigod Fire Elementalist began the quest for
                  | the Orb.
     0 | D:1      | Reached XP level 1. HP: 14/14 MP: 5/5
    20 | D:1      | Reached skill level 1 in Conjurations
   164 | D:1      | Reached skill level 3 in Fire Magic
   292 | D:1      | Reached XP level 2. HP: 20/20 MP: 4/7
   625 | D:1      | Learned a level 2 spell: Scorch
  1318 | D:2      | Reached skill level 2 in Conjurations
  1414 | D:2      | Reached XP level 3. HP: 24/26 MP: 3/8
  1515 | D:2      | Noticed a black bear
  1525 | D:2      | HP: 4/26 [black bear (8)]
  1525 | D:2      | HP: 1/26 [black bear (3)]
  1525 | D:2      | Slain by a black bear

Illustrated notes

Levels and vault maps discovered:
D:1:      spicycebolla_arrival_transporter_tutorial, layout_basic, minivault_25
D:2:      layout_basic

Skill      XL: |  1  2 |
---------------+-------+-----
Conjurations   | 1 2 |  2.1
Fire Magic     | 3 |  3.3
Dodging        | |  1.7
Stealth        | |  1.7
Spellcasting   | |  1.7

Action                     || total
---------------------------++-------
  Melee: Dagger            ||     6
   Cast: Foxfire           ||    65
   Stab: Sleeping          ||     1
 Armour: Robe              ||     3
  Dodge: Dodged            ||     8

Table legend: (Time is in decaauts)
 A = Elapsed time spent in this place.
 B = Non-inter-level travel time spent in this place.
 C = Inter-level travel time spent in this place.
 D = Time resting spent in this place.
 E = Time spent auto-exploring this place.
 F = Levels seen in this place.
 G = Mean time per level.
                   A        B        C        D        E       F      G
               +--------+--------+--------+--------+--------+-----+--------+
         Total |   1524 |   1509 |     15 |     18 |   1322 |   2 |  762.0 |
       Dungeon |   1524 |   1509 |     15 |     18 |   1322 |   2 |  762.0 |
               +--------+--------+--------+--------+--------+-----+--------+

Top non-repeatable levels by time:
     D:1: 1233 daAuts
     D:2: 290 daAuts

Table legend:
 A = Kills in this place as a percentage of kills in entire the game.
 B = Kills by you in this place as a percentage of kills by you in the entire game.
 C = Kills by friends in this place as a percentage of kills by friends in the entire game.
 D = Other kills in this place as a percentage of other kills in the entire game.
 E = Experience gained in this place as a percentage of experience gained in the entire game.
 F = Experience gained in this place divided by the number of levels of this place that you have seen.
                   A       B       C       D       E      F
               +-------+-------+-------+-------+-------+----------------------
         Total | 100.0 | 100.0 |   N/A |   N/A | 100.0 |  25.5
       Dungeon | 100.0 | 100.0 |   N/A |   N/A | 100.0 |  25.5
               +-------+-------+-------+-------+-------+----------------------
